TOP OF THE 1ST |
Westwood Sixshooters batting - Pitching for Durham Rapiers : RHP Scott Thompson
|
Pitching: RHP Scott Thompson
|
|
Batting: RHB Wallace Bane
|
0-0: DOUBLE (Flyball, 78D)
|
Batting: SHB Jin-yong Ch'oe
|
0-0: Called Strike 0-1: Swinging Strike 0-2: Foul Ball, location: 2F 0-2: Ball 1-2: Ball 2-2: Ground out U3 (Groundball, 34) Wallace Bane to third
|
Batting: RHB Simone Catalani
|
0-0: Ball 1-0: Called Strike 1-1: Called Strike 1-2: Strikes out looking
|
Batting: RHB Shirai Yoshida
|
0-0: Ball 1-0: Swinging Strike 1-1: Swinging Strike 1-2: Strikes out looking
|
Top of the 1st over - 0 runs, 1 hit, 0 errors, 1 left on base; Westwood 0 - Durham 0 |
BOTTOM OF THE 1ST |
Durham Rapiers batting - Pitching for Westwood Sixshooters : RHP Loren Berdine
|
Pitching: RHP Loren Berdine
|
|
Batting: RHB Lu-fang Koo
|
0-0: Ball 1-0: Ball 2-0: Ball 3-0: Base on Balls
|
Batting: RHB Huai-yi Yang
|
0-0: Ball Lu-fang Koo is caught stealing 2nd base 1-0: Ball 2-0: Ball 3-0: Called Strike 3-1: DOUBLE (Flyball, 89D)
|
Batting: RHB Juan Guzmán
|
0-0: Foul Ball, location: 2F 0-1: Foul Ball, location: 2F 0-2: Foul Ball, location: 2F 0-2: Fly out, F7 (Flyball, 78M)
|
Batting: RHB Mason Congdon
|
0-0: Ball 1-0: Ball 2-0: Foul Ball, location: 2F 2-1: Fly out, F8 (Flyball, 89M)
|
Bottom of the 1st over - 0 runs, 1 hit, 0 errors, 1 left on base; Westwood 0 - Durham 0 |
TOP OF THE 2ND |
Westwood Sixshooters batting - Pitching for Durham Rapiers : RHP Scott Thompson
|
Batting: LHB David Muller
|
0-0: Ball 1-0: Ball 2-0: Foul Ball, location: 2F 2-1: Fly out, F9 (Flyball, 9LS)
|
Batting: RHB Cody Riddle
|
0-0: Ball 1-0: Foul Ball, location: 2F 1-1: Foul Ball, location: 2F 1-2: Strikes out looking
|
Batting: SHB Julián Valentín
|
0-0: Ball 1-0: Swinging Strike 1-1: Ground out U3 (Groundball, 34)
|
Top of the 2nd over - 0 runs, 0 hits, 0 errors, 0 left on base; Westwood 0 - Durham 0 |
BOTTOM OF THE 2ND |
Durham Rapiers batting - Pitching for Westwood Sixshooters : RHP Loren Berdine
|
Batting: LHB Dante Aristizabal
|
0-0: SINGLE (Line Drive, 56)
|
Batting: RHB Scotty Glenn
|
0-0: Ball 1-0: Ball 2-0: Ball 3-0: Base on Balls Dante Aristizabal to second
|
Batting: RHB Tso-i Wang
|
0-0: Ball 1-0: Fly out, F6 (Line Drive, 6)
|
Batting: SHB Rafael González
|
0-0: Ball 1-0: Ball 2-0: Called Strike 2-1: Swinging Strike 2-2: 3-RUN HOME RUN (Flyball, 7LD), Distance : 361 ft
|
Batting: RHB Harlan Thompson
|
0-0: Called Strike 0-1: Ball 1-1: SINGLE (Line Drive, 8RS)
|
Batting: RHB Lu-fang Koo
|
0-0: Foul Ball, location: 2F 0-1: Ball 1-1: Foul Ball, location: 2F 1-2: Ball 2-2: Strikes out swinging
|
Batting: RHB Huai-yi Yang
|
0-0: Called Strike 0-1: Ball 1-1: Ball 2-1: Called Strike 2-2: Ball 3-2: Ground out 6-3 (Groundball, 6)
|
Bottom of the 2nd over - 3 runs, 3 hits, 0 errors, 1 left on base; Westwood 0 - Durham 3 |
TOP OF THE 3RD |
Westwood Sixshooters batting - Pitching for Durham Rapiers : RHP Scott Thompson
|
Batting: SHB José Tirado
|
0-0: Ball 1-0: Foul Ball, location: 2F 1-1: Foul Ball, location: 2F 1-2: Fly out, F8 (Flyball, 89M)
|
Batting: RHB Jesús González
|
0-0: Foul Ball, location: 2F 0-1: Called Strike 0-2: Ball 1-2: SINGLE (Groundball, 4D)
|
Batting: RHB Wallace Bane
|
0-0: Ball 1-0: Ball 2-0: Called Strike 2-1: SINGLE (Groundball, 6MD) Jesús González to second
|
Batting: SHB Jin-yong Ch'oe
|
0-0: Called Strike 0-1: Ball 1-1: Grounds into double play, 5-4-3 (Groundball, 56)
|
Top of the 3rd over - 0 runs, 2 hits, 0 errors, 1 left on base; Westwood 0 - Durham 3 |
BOTTOM OF THE 3RD |
Durham Rapiers batting - Pitching for Westwood Sixshooters : RHP Loren Berdine
|
Batting: RHB Juan Guzmán
|
0-0: Ground out 5-3 (Groundball, 56S)
|
Batting: RHB Mason Congdon
|
0-0: Called Strike 0-1: Called Strike 0-2: Ball 1-2: Fly out, F8 (Flyball, 8LS)
|
Batting: LHB Dante Aristizabal
|
0-0: Ball 1-0: Called Strike 1-1: Swinging Strike 1-2: Ball 2-2: Fly out, F7 (Flyball, 7LM)
|
Bottom of the 3rd over - 0 runs, 0 hits, 0 errors, 0 left on base; Westwood 0 - Durham 3 |
TOP OF THE 4TH |
Westwood Sixshooters batting - Pitching for Durham Rapiers : RHP Scott Thompson
|
Batting: RHB Simone Catalani
|
0-0: Called Strike 0-1: Swinging Strike 0-2: SINGLE (Groundball, 34D)
|
Batting: RHB Shirai Yoshida
|
0-0: Fly out, F7 (Line Drive, 78D)
|
Batting: LHB David Muller
|
0-0: Called Strike 0-1: Called Strike 0-2: Ball 1-2: Ball 2-2: Ball 3-2: Fly out, F8 (Flyball, 8RM)
|
Batting: RHB Cody Riddle
|
0-0: Ball 1-0: Ball 2-0: Called Strike 2-1: Fly out, F8 (Flyball, 8RM)
|
Top of the 4th over - 0 runs, 1 hit, 0 errors, 1 left on base; Westwood 0 - Durham 3 |
BOTTOM OF THE 4TH |
Durham Rapiers batting - Pitching for Westwood Sixshooters : RHP Loren Berdine
|
Batting: RHB Scotty Glenn
|
0-0: Ball 1-0: Ball 2-0: Ball 3-0: Base on Balls
|
Batting: RHB Tso-i Wang
|
0-0: Called Strike 0-1: Ball 1-1: Ball 2-1: Fly out, F9 (Flyball, 9S)
|
Batting: SHB Rafael González
|
0-0: Called Strike 0-1: Swinging Strike 0-2: Ball 1-2: Strikes out looking
|
Batting: RHB Harlan Thompson
|
0-0: Ball 1-0: Ball 2-0: Foul Ball, location: 2F 2-1: Called Strike 2-2: Ball 3-2: Foul Ball, location: 2F 3-2: SINGLE (Flyball, 89S) Scotty Glenn to second Scotty Glenn to third
|
Batting: RHB Lu-fang Koo
|
0-0: Foul Ball, location: 2F 0-1: Foul Ball, location: 2F 0-2: Ball 1-2: Ground out 4-3 (Groundball, 4)
|
Bottom of the 4th over - 0 runs, 1 hit, 0 errors, 2 left on base; Westwood 0 - Durham 3 |
TOP OF THE 5TH |
Westwood Sixshooters batting - Pitching for Durham Rapiers : RHP Scott Thompson
|
Batting: SHB Julián Valentín
|
0-0: Ball 1-0: Foul Ball, location: 2F 1-1: Ball 2-1: SINGLE (Line Drive, 7LS)
|
Batting: SHB José Tirado
|
0-0: Swinging Strike 0-1: Ball 1-1: Ball 2-1: SINGLE (Groundball, 6MD) Julián Valentín to second
|
Batting: RHB Jesús González
|
0-0: Swinging Strike 0-1: Foul Ball, location: 2F 0-2: Ball 1-2: DOUBLE (Line Drive, 8LXD) Julián Valentín scores José Tirado to third
|
Batting: RHB Wallace Bane
|
0-0: Ball 1-0: Ball 2-0: Swinging Strike 2-1: Foul Ball, location: 2F 2-2: Foul Ball, location: 2F 2-2: Foul Ball, location: 2F 2-2: Strikes out swinging
|
Batting: SHB Jin-yong Ch'oe
|
0-0: Called Strike 0-1: Ball 1-1: Ball 2-1: Fly out, F9 (Line Drive, 9) Runner from 3rd tags up, SCORES, no throw
|
Batting: RHB Simone Catalani
|
0-0: Ball 1-0: Ball 2-0: Ball 3-0: Called Strike 3-1: Base on Balls
|
Batting: RHB Shirai Yoshida
|
0-0: Swinging Strike 0-1: Called Strike 0-2: Foul Ball, location: 2F 0-2: Ball 1-2: Fly out, F7 (Flyball, 7)
|
Top of the 5th over - 2 runs, 3 hits, 0 errors, 2 left on base; Westwood 2 - Durham 3 |
BOTTOM OF THE 5TH |
Durham Rapiers batting - Pitching for Westwood Sixshooters : RHP Loren Berdine
|
Batting: RHB Huai-yi Yang
|
0-0: Ball 1-0: Ball 2-0: Called Strike 2-1: Ground out 6-3 (Groundball, 6M)
|
Batting: RHB Juan Guzmán
|
0-0: Ball 1-0: Swinging Strike 1-1: Ball 2-1: Swinging Strike 2-2: Foul Ball, location: 2F 2-2: Strikes out swinging
|
Batting: RHB Mason Congdon
|
0-0: Fly out, F9 (Flyball, 9LD)
|
Bottom of the 5th over - 0 runs, 0 hits, 0 errors, 0 left on base; Westwood 2 - Durham 3 |
TOP OF THE 6TH |
Westwood Sixshooters batting - Pitching for Durham Rapiers : RHP Scott Thompson
|
Batting: LHB David Muller
|
0-0: Ball 1-0: Ball 2-0: Called Strike 2-1: Ground out 3-1 (Groundball, 34)
|
Batting: RHB Cody Riddle
|
0-0: SINGLE (Line Drive, 7LS)
|
Batting: SHB Julián Valentín
|
0-0: Called Strike 0-1: Ball 1-1: Ball 2-1: Foul Ball, location: 2F 2-2: Ball 3-2: Base on Balls Cody Riddle to second
|
Pitching: RHP Travis Arai
|
|
Batting: SHB José Tirado
|
0-0: Ball 1-0: Fielders Choice at 2nd, 6-4 (Groundball, 6) Cody Riddle to third
|
Batting: RHB Jesús González
|
0-0: Ball 1-0: Foul Ball, location: 2F 1-1: SINGLE (Groundball, 34S) (infield hit) Cody Riddle scores José Tirado to second
|
Batting: RHB Wallace Bane
|
0-0: Ball 1-0: SINGLE (Line Drive, 78M) José Tirado to third Jesús González to second Runner from 3rd tries for Home, SAFE, no throw
|
Batting: SHB Jin-yong Ch'oe
|
0-0: Called Strike 0-1: Called Strike 0-2: Ball 1-2: Ball Wild Pitch! Jesús González to third Wallace Bane to second 2-2: Ground out 4-3 (Groundball, 34)
|
Top of the 6th over - 2 runs, 3 hits, 0 errors, 2 left on base; Westwood 4 - Durham 3 |
BOTTOM OF THE 6TH |
Durham Rapiers batting - Pitching for Westwood Sixshooters : RHP Loren Berdine
|
Batting: LHB Dante Aristizabal
|
0-0: Fly out, F5 (Popup, 5F)
|
Batting: RHB Scotty Glenn
|
0-0: Ball 1-0: Called Strike 1-1: SINGLE (Flyball, 6D)
|
Batting: RHB Tso-i Wang
|
0-0: Swinging Strike 0-1: Ball 1-1: Grounds into double play, 6-4-3 (Groundball, 6)
|
Bottom of the 6th over - 0 runs, 1 hit, 0 errors, 0 left on base; Westwood 4 - Durham 3 |
TOP OF THE 7TH |
Westwood Sixshooters batting - Pitching for Durham Rapiers : RHP Travis Arai
|
Batting: RHB Simone Catalani
|
0-0: Ball 1-0: Swinging Strike 1-1: Ball 2-1: Ball 3-1: SINGLE (Line Drive, 4D)
|
Pinch Hitting: SHB Paul Maddox
|
0-0: Ball 1-0: Ball 2-0: Called Strike 2-1: Ball 3-1: Called Strike 3-2: Base on Balls Simone Catalani to second
|
Batting: LHB David Muller
|
0-0: Called Strike 0-1: Ball 1-1: Foul Ball, location: 2F 1-2: Ball 2-2: Ball 3-2: Grounds into double play, 3-6-1 (Groundball, 3) Simone Catalani to third
|
Batting: RHB Cody Riddle
|
0-0: Ball 1-0: Ball 2-0: Called Strike 2-1: Called Strike 2-2: Foul Ball, location: 2F 2-2: Foul Ball, location: 2F 2-2: Foul Ball, location: 2F 2-2: Foul Ball, location: 2F 2-2: Strikes out swinging
|
Top of the 7th over - 0 runs, 1 hit, 0 errors, 1 left on base; Westwood 4 - Durham 3 |
BOTTOM OF THE 7TH |
Durham Rapiers batting - Pitching for Westwood Sixshooters : RHP Loren Berdine
|
Now at 2B: Paul Maddox
|
|
Batting: SHB Rafael González
|
0-0: Ball 1-0: Ball 2-0: Ground out 3-1 (Groundball, 34S)
|
Batting: RHB Harlan Thompson
|
0-0: Swinging Strike 0-1: Ball 1-1: Ball 2-1: Swinging Strike 2-2: Ball 3-2: Foul Ball, location: 2F 3-2: Strikes out looking
|
Batting: RHB Lu-fang Koo
|
0-0: Foul Ball, location: 2F 0-1: Called Strike 0-2: Strikes out swinging
|
Bottom of the 7th over - 0 runs, 0 hits, 0 errors, 0 left on base; Westwood 4 - Durham 3 |
TOP OF THE 8TH |
Westwood Sixshooters batting - Pitching for Durham Rapiers : RHP Travis Arai
|
Batting: SHB Julián Valentín
|
0-0: Ball 1-0: Ball 2-0: Foul Ball, location: 2F 2-1: Foul Ball, location: 2F 2-2: Ball 3-2: Base on Balls
|
Batting: SHB José Tirado
|
0-0: Ball 1-0: Foul Ball, location: 2F 1-1: Swinging Strike 1-2: Strikes out swinging
|
Batting: RHB Jesús González
|
0-0: Ball 1-0: SINGLE (Line Drive, 6) Julián Valentín to second
|
Batting: RHB Wallace Bane
|
0-0: Fly out, F8 (Flyball, 8LS)
|
Batting: SHB Jin-yong Ch'oe
|
0-0: Called Strike 0-1: Ground out 4-3 (Groundball, 4)
|
Top of the 8th over - 0 runs, 1 hit, 0 errors, 2 left on base; Westwood 4 - Durham 3 |
BOTTOM OF THE 8TH |
Durham Rapiers batting - Pitching for Westwood Sixshooters : RHP Loren Berdine
|
Pitching: LHP Maurice Hilliard
|
|
Batting: RHB Huai-yi Yang
|
0-0: Called Strike 0-1: Swinging Strike 0-2: Fly out, F8 (Flyball, 8RM)
|
Batting: RHB Juan Guzmán
|
0-0: Called Strike 0-1: Swinging Strike 0-2: Ball 1-2: Strikes out looking
|
Batting: RHB Mason Congdon
|
0-0: Ball 1-0: Ball 2-0: Swinging Strike 2-1: Called Strike 2-2: Strikes out swinging
|
Bottom of the 8th over - 0 runs, 0 hits, 0 errors, 0 left on base; Westwood 4 - Durham 3 |
TOP OF THE 9TH |
Westwood Sixshooters batting - Pitching for Durham Rapiers : RHP Travis Arai
|
Pitching: RHP Bob Kennedy
|
|
Batting: RHB Simone Catalani
|
0-0: Called Strike 0-1: Foul Ball, location: 2F 0-2: Foul Ball, location: 2F 0-2: Foul Ball, location: 2F 0-2: Foul Ball, location: 2F 0-2: Fly out, F8 (Flyball, 78M)
|
Batting: SHB Paul Maddox
|
0-0: Called Strike 0-1: Ball 1-1: Called Strike 1-2: Fly out, F8 (Flyball, 8RM)
|
Batting: LHB David Muller
|
0-0: Ball 1-0: Called Strike 1-1: Foul Ball, location: 2F 1-2: Ground out 4-3 (Groundball, 4)
|
Top of the 9th over - 0 runs, 0 hits, 0 errors, 0 left on base; Westwood 4 - Durham 3 |
BOTTOM OF THE 9TH |
Durham Rapiers batting - Pitching for Westwood Sixshooters : LHP Maurice Hilliard
|
Pitching: LHP Christian Clayton
|
|
Now at SS: António Quintero
|
|
Pinch Hitting: RHB Salvador Esparza
|
0-0: Ball 1-0: Foul Ball, location: 2F 1-1: Called Strike 1-2: Strikes out swinging
|
Batting: RHB Scotty Glenn
|
0-0: Foul Ball, location: 2F 0-1: SINGLE (Groundball, 4M) (infield hit)
|
Batting: RHB Tso-i Wang
|
0-0: Called Strike 0-1: SINGLE (Line Drive, 89S) Scotty Glenn to second
|
Batting: SHB Rafael González
|
0-0: Called Strike 0-1: SINGLE (Line Drive, 78S) Scotty Glenn to third Tso-i Wang to second Runner from 3rd tries for Home, SAFE, throw made home
|
Batting: RHB Harlan Thompson
|
0-0: Swinging Strike 0-1: Ball 1-1: Ball 2-1: Foul Ball, location: 2F 2-2: Foul Ball, location: 2F 2-2: Foul Ball, location: 2F 2-2: Ball 3-2: Ground out 5-3 (Groundball, 56) Tso-i Wang to third Rafael González to second
|
Batting: RHB Lu-fang Koo
|
0-0: Called Strike 0-1: Ball 1-1: Ground out 6-3 (Groundball, 6M)
|
Bottom of the 9th over - 1 run, 3 hits, 0 errors, 2 left on base; Westwood 4 - Durham 4 |
TOP OF THE 10TH |
Westwood Sixshooters batting - Pitching for Durham Rapiers : RHP Bob Kennedy
|
Now in RF: Salvador Esparza
|
|
Pinch Hitting: SHB Joel Field
|
0-0: Called Strike 0-1: Ball 1-1: Foul Ball, location: 2F 1-2: Foul Ball, location: 2F 1-2: SINGLE (Line Drive, 34D)
|
Batting: SHB Julián Valentín
|
0-0: Sac Bunt - play at first, batter OUT! 3-4 Joel Field to second
|
Batting: SHB José Tirado
|
0-0: Fly out, F7 (Flyball, 7S)
|
Batting: RHB Jesús González
|
0-0: Foul Ball, location: 2F 0-1: Ground out 4-3 (Groundball, 6M)
|
Top of the 10th over - 0 runs, 1 hit, 0 errors, 1 left on base; Westwood 4 - Durham 4 |
BOTTOM OF THE 10TH |
Durham Rapiers batting - Pitching for Westwood Sixshooters : LHP Christian Clayton
|
Pitching: RHP Jin Kwon
|
|
Now at C: Mark Merry
|
|
Batting: RHB Huai-yi Yang
|
0-0: Ball 1-0: Ball 2-0: DOUBLE (Flyball, 8RXD)
|
Batting: RHB Juan Guzmán
|
0-0: Ball 1-0: Called Strike 1-1: SINGLE (Groundball, 6D) Huai-yi Yang to third Runner from 3rd tries for Home, SAFE, throw made home
|
Friday, March 29th, 2019 - OOTP Baseball 18.8 Build 76
|
|